 Dungeon Crawl Stone Soup version 0.17-a0-1946-gfb768fe (webtiles) character file.

2061 achirane the Ruffian (level 9, -4/75 HPs)
             Began as a Troll Transmuter on Oct 1, 2015.
             Was an Elder of Nemelex Xobeh.
             Killed from afar by a raiju (22 damage)
             ... with a living lightning
             ... on level 3 of the Abyss.
             The game lasted 00:42:33 (4194 turns).

achirane the Ruffian (Troll Transmuter)             Turns: 4194, Time: 00:42:34

Health: -4/75      AC:  4    Str: 18 (19) XL:     9   Next: 5%
Magic:  7/9        EV: 17    Int:  7 (9)  God:    Nemelex Xobeh [****..]
Gold:   432        SH:  0    Dex: 16      Spells: 1 memorised, 9 levels left

rFire  . . .     SeeInvis .       - Unarmed
rCold  . . .     Rnd*Rage +     b - +0 robe (curse)
rNeg   . . .     SustAt   .     (no shield)
rPois  .         Gourm    +     (helmet restricted)
rElec  .         Spirit   .     (no cloak)
rCorr  .         Warding  .     (gloves unavailable)
rMut   .         Stasis   .     (boots unavailable)
MR     .....                    r - amulet of regeneration {+regen, !d}
Stlth  +++.......               O - +3 ring of strength
                                H - ring of stealth {Stlth+}

@: agile, not resistant to hostile enchantments, fairly stealthy
A: unfitting armour, claws 3, berserk 1, blurry vision 1, clumsy 1, deformed
body, fast metabolism 3, frail 1, gourmand, low mp 1, regeneration 2, screaming
2, shaggy fur 1, tough skin 2, weak 2, no device heal 1, subdued magic 2,
MP-powered wands
a: Triple Draw, Deal Four, Renounce Religion


You were on level 3 of the Abyss.
You worshipped Nemelex Xobeh.
Nemelex Xobeh was greatly pleased with you.
You were hungry.

You visited 1 branch of the dungeon, and saw 7 of its levels.
You visited the Abyss 1 time.

You collected 512 gold pieces.

Inventory:

Hand weapons
 n - a cursed +0 hunting sling
   (You found it on level 2 of the Dungeon)
Missiles
 a - 12 arrows
 m - a throwing net {=f, !d}
 t - 7 tomahawks (quivered)
 L - 37 poisoned needles
 T - 26 sling bullets
Armour
 b - a cursed +0 robe (worn)
Jewellery
 o - an uncursed ring of teleportation {+/*tele, !d}
   (You found it on level 2 of the Dungeon)
 r - an amulet of regeneration (around neck) {+regen, !d}
   (You found it on level 2 of the Dungeon)
 u - an uncursed amulet of resist mutation {rMut, !d}
   (You found it on level 3 of the Dungeon)
 H - a ring of stealth (left claw) {Stlth+}
   (You found it on level 3 of the Dungeon)
 O - a +3 ring of strength (right claw)
   (You found it on level 5 of the Dungeon)
 U - an uncursed amulet of stasis {Stasis, !d}
   (You found it on level 6 of the Dungeon)
Magical devices
 q - a wand of flame (19)
   (You found it on level 4 of the Dungeon)
 D - a wand of flame (6)
   (You found it on level 4 of the Dungeon)
 G - a wand of cold (7)
   (You took it off Ijyb on level 3 of the Dungeon)
 I - a wand of flame (19)
   (You found it on level 4 of the Dungeon)
 P - a wand of lightning (6)
   (You found it on level 5 of the Dungeon)
Scrolls
 g - 3 scrolls of enchant armour
 k - 2 scrolls of enchant weapon
 p - 3 scrolls of recharging
 w - 4 scrolls of remove curse
 C - 2 scrolls of fog {unknown}
Potions
 e - a potion of agility
 f - 3 potions of might
 h - a potion of brilliance {unknown}
 i - a potion of degeneration {unknown}
 j - 4 potions of curing
 x - a potion of cure mutation {unknown}
 E - a potion of berserk rage {unknown}
 F - a potion of lignification {unknown}
 J - a potion of heal wounds
 M - a potion of invisibility {unknown}
 Q - 2 potions of flight {unknown}
 R - a potion of magic {unknown}
Books
 c - a book of Changes
 Y - a book of the Earth
   (You found it on level 3 of the Abyss)
Miscellaneous
 l - an ornate deck of war {drawn: 1}
   (Nemelex Xobeh gifted it to you on level 5 of the Dungeon)
 B - a plain deck of war {drawn: 7}
   (Nemelex Xobeh gifted it to you on level 4 of the Dungeon)
 K - an ornate deck of escape {drawn: 3}
   (Nemelex Xobeh gifted it to you on level 4 of the Dungeon)
 V - an ornate deck of destruction {drawn: 1}
   (Nemelex Xobeh gifted it to you on level 1 of the Abyss)
 X - a lamp of fire (inert)
   (You found it on level 3 of the Abyss)
Comestibles
 d - 4 bread rations {@e1}
 s - 2 meat rations {@e2}
 v - 5 fruits
 z - a royal jelly
 S - a slice of pizza


   Skills:
 + Level 4.0 Fighting
 + Level 4.4 Dodging
 * Level 7.5 Unarmed Combat
 - Level 1.2 Spellcasting
 + Level 3.6 Transmutations
 + Level 3.4 Evocations


You had 9 spell levels left.
You knew the following spells:

 Your Spells              Type           Power        Failure   Level  Hunger
a - Beastly Appendage     Trmt           #.....       1%          1    ##.....


Dungeon Overview and Level Annotations

Branches:
Dungeon (7/15)             Temple (0/1) D:4

Altars:
Kikubaaqudgha
Nemelex Xobeh
Qazlal
Vehumet

Annotations:
D:6 exclusion: jelly, Pikel


Innate Abilities, Weirdness & Mutations

You are too large for most types of armour.
You have claws for hands.
Your metabolism is lightning-fast.
You like to eat raw meat.
You heal very quickly.
You are covered in fur (AC +1).
You have very tough skin (AC +2).
[You tend to lose your temper in combat.]
[Scrolls take you a little longer to read.]
[You are clumsy. (Dex -2)]
[Armour fits poorly on your strangely shaped body.]
[You are frail (-10% HP).]
[Your magical capacity is low (-10% MP).]
[You sometimes yell uncontrollably at your foes.]
[You are very weak. (Str -4)]
[Potions and wands are less effective at restoring your health.]
[Your spells are easier to cast, but less powerful.]
[You expend magic power (3 MP) to strengthen your wands.]


Message History

You feel agile.
You feel stronger.
You feel the corruption within you wane somewhat.
You feel a little healthier.
Your vision sharpens a little.
You feel healthier.
You feel agile.
You feel robust.
The bolt disappears in a puff of smoke!
You take 32 damage, and have 16/75 hp.
MASSIVE DAMAGE!!
MP restored: 9 You are feeling hungry.
You see here 11 poisoned sling bullets.
Evoke which item? (* to show all) (? for menu, Esc to quit)
Okay, then.
You start resting.
A living lightning appears from out of your range of vision.
The living lightning hits your yaktaur.
You regained 5 hp, and now have 23/75 hp.
What do you say? t - Yell!
Orders for allies: a - Attack new target. r - Retreat! s - Stop attacking. w - Wait here. f - Follow me.
Anything else - Stay silent.
Gang up on whom?
Press: ? - help, Dir - move target cursor, f - raiju
Aim: a raiju Attack!
You hear a bark! x2
Your yaktaur unwields an uncursed arbalest of freezing.
Your yaktaur closely misses the raiju.
Your yaktaur barely misses the raiju.
The raiju bites your yaktaur. The raiju shocks your yaktaur!
Your yaktaur misses the raiju. Your yaktaur hits the raiju.
The raiju bites your yaktaur! The raiju shocks your yaktaur!
Drink which item? (? for menu, Esc to quit)
Okay, then.
Unknown command.
Read which item? (? for menu, Esc to quit)
Okay, then.
Evoke which item? (* to show all) (? for menu, Esc to quit)
You draw a card...
It is the Alchemist.
You feel better. 80 of your gold pieces vanish!
Your yaktaur hits the raiju! Your yaktaur hits the raiju.
The raiju bursts into living lightning!
The living lightning hits your yaktaur.
Your yaktaur dies!
Your yaktaur's corpse disappears in a puff of smoke!
The raiju blinks!
You regained 41 hp, and now have 66/75 hp.
What do you say? t - Yell!
Orders for allies: a - Attack new target. p - Attack previous target. r - Retreat! s - Stop attacking. w - Wait here. f - Follow me.
Anything else - Stay silent.
Gang up on whom?
Press: ? - help, Dir - move target cursor, f/p - raiju
Aim: a raiju (heavily wounded) Attack!
You hear a bark!
Your fire elemental hits the raiju.
Your fire elemental burns the raiju!
Your yaktaur hits the raiju but does no damage.
The raiju bites your yaktaur!
Your yaktaur dies!
Your yaktaur's corpse disappears in a puff of smoke!
Evoke which item? (* to show all) (? for menu, Esc to quit)
Zapping:
G - a wand of cold {zapped: 2} (will waste charges)
Press: ? - help, Shift-Dir - straight line, f/p - raiju
Aim: a raiju (almost dead)
The bolt of cold misses the raiju.
Evoking this partially-identified wand wasted a few charges.
Your fire elemental hits the raiju.
Your fire elemental burns the raiju!
The raiju dies!
You feel your dexterity returning.
You now have 6/9 mp.
Health restored: 75 A raiju comes into view.
A raiju comes into view.
A small abomination comes into view.
A demonic crawler comes into view.
The raiju bursts into living lightning!
The living lightning hits you!
The raiju blinks!
You take 25 damage, and have 50/75 hp.
MASSIVE DAMAGE!!
The raiju bursts into living lightning!
The living lightning hits you! x2
* * * LOW HITPOINT WARNING * * *
The raiju blinks!
An apocalypse crab comes into view.
You take 35 damage, and have 17/75 hp.
MASSIVE DAMAGE!!
Evoke which item? (* to show all) (? for menu, Esc to quit)
You draw a card...
It is the Rangers.
The raiju bites your centaur. The raiju shocks your centaur!
The living lightning hits the raiju.
The raiju completely resists.
A living lightning appears from out of your range of vision.
The living lightning hits your centaur.
Your centaur dies!
Your centaur's corpse disappears in a puff of smoke!
The living lightning hits your centaur.
The small abomination closely misses you.
The raiju bursts into living lightning!
The living lightning hits you!
You die...
Your body disappears without a glow.

. ... .. #.
... . . # .
.. . .. . .
#.. . ## #
.. . #.
...####.#c .
### #..
...h... .
#(# #t## .c
## .
#.####.## .
. #...h.@c#
.# # .#
######.x##..
s#
#.hhc§h....
.
#.#####.##.#
#.# .... ..
... . #.# #
. ...# # # .
....... .
...... .. ..
.##


You could see an apocalypse crab, 4 raiju, a small abomination and 2 friendly
centaurs.

Vanquished Creatures
  A sky beast (D:5)
  A slave (D:5)
  An ogre (D:6)
  A phantom (D:4)
  A giant frog (D:6)
  A crimson imp (D:5)
  3 orc priests
  A giant frog zombie (D:5)
  3 hounds
  A quasit (Abyss:3)
  7 orc wizards
  Ijyb (D:3)
  A worker ant (D:4)
  3 iguanas
  2 small abominations
  A hound skeleton (D:4)
  2 gnolls (D:6)
  5 adders
  An ooze (D:4)
  2 worms
  5 giant geckos
  33 orcs
  4 bats
  5 giant cockroaches
  8 hobgoblins
  A jackal (D:2)
  8 kobolds
  A quokka (D:4)
  A ball python (D:1)
  A giant gecko skeleton (D:6)
  3 giant newts
  16 goblins
  5 rats
  A rat zombie (D:4)
131 creatures vanquished.

Vanquished Creatures (collateral kills)
  A thrashing horror (Abyss:3)
  A sixfirhy (Abyss:3)
  A raiju (Abyss:3)
  A neqoxec (Abyss:1)
4 creatures vanquished.

Grand Total: 135 creatures vanquished

Notes
Turn   | Place    | Note
--------------------------------------------------------------
     0 | D:1      | achirane the Troll Transmuter began the quest for the Orb.
     0 | D:1      | Reached XP level 1. HP: 18/18 MP: 1/1
   220 | D:1      | Reached XP level 2. HP: 26/26 MP: 2/2
   434 | D:1      | Reached skill level 1 in Fighting
   510 | D:2      | Reached skill level 2 in Dodging
   510 | D:2      | Reached XP level 3. HP: 33/33 MP: 3/3
   537 | D:1      | Found a sparkling altar of Nemelex Xobeh.
   540 | D:1      | Became a worshipper of Nemelex Xobeh the Trickster
   728 | D:2      | Found a radiant altar of Vehumet.
   748 | D:2      | Received a gift from Nemelex Xobeh
  1048 | D:3      | Reached XP level 4. HP: 36/41 MP: 4/4
  1122 | D:3      | You fall through a shaft for 3 floors!
  1122 | D:6      | Noticed a slave
  1125 | D:6      | Noticed a slave
  1125 | D:6      | Noticed a slave
  1125 | D:6      | Noticed a slave
  1169 | D:6      | Reached skill level 4 in Unarmed Combat
  1176 | D:6      | Reached XP level 5. HP: 35/49 MP: 5/5
  1330 | D:6      | Noticed an ogre
  1358 | D:6      | Killed an ogre
  1358 | D:6      | Reached skill level 2 in Transmutations
  1358 | D:6      | Reached skill level 1 in Evocations
  1401 | D:5      | Entered Level 5 of the Dungeon
  1412 | D:5      | Reached skill level 2 in Fighting
  1435 | D:5      | Reached XP level 6. HP: 54/57 MP: 6/6
  1469 | D:4      | Found an ancient bone altar of Kikubaaqudgha.
  1469 | D:4      | Received a gift from Nemelex Xobeh
  1573 | D:3      | Reached skill level 5 in Unarmed Combat
  1734 | D:3      | Noticed Ijyb
  1745 | D:3      | Killed Ijyb
  1992 | D:4      | Found a staircase to the Ecumenical Temple.
  2093 | D:4      | Received a gift from Nemelex Xobeh
  2093 | D:4      | Found a stormy altar of Qazlal.
  2190 | D:4      | Reached skill level 3 in Dodging
  2194 | D:4      | Reached XP level 7. HP: 59/66 MP: 7/7
  2471 | D:5      | Reached skill level 2 in Evocations
  2616 | D:5      | Received a gift from Nemelex Xobeh
  2629 | D:5      | Noticed a sky beast
  2642 | D:5      | Killed a sky beast
  2642 | D:5      | Reached skill level 3 in Fighting
  2642 | D:5      | Reached skill level 6 in Unarmed Combat
  2714 | D:6      | Noticed Pikel
  2733 | D:5      | Killed a slave
  2753 | D:5      | Acquired Nemelex Xobeh's first power
  3148 | D:6      | Reached skill level 3 in Transmutations
  3148 | D:6      | Reached XP level 8. HP: 55/75 MP: 8/8
  3467 | D:6      | Cast into the Abyss (orc)
  3533 | Abyss:1  | Received a gift from Nemelex Xobeh
  3641 | Abyss:1  | Noticed a death drake
  3653 | Abyss:1  | Noticed a starcursed mass
  3658 | Abyss:1  | Noticed a thrashing horror
  3668 | Abyss:1  | Noticed a bone dragon
  3672 | Abyss:1  | HP: 15/75 [thrashing horror (4)]
  3673 | Abyss:1  | HP: 7/75 [thrashing horror (9)]
  3737 | Abyss:2  | Noticed a cyan very ugly thing
  3737 | Abyss:2  | Noticed a cyan ugly thing
  3737 | Abyss:2  | Noticed a cyan ugly thing
  3740 | Abyss:2  | Noticed a cyan ugly thing
  3762 | Abyss:2  | HP: 18/75 [cyan ugly thing (14)]
  3777 | Abyss:2  | Received a gift from Nemelex Xobeh
  3805 | Abyss:2  | Acquired Nemelex Xobeh's second power
  3820 | Abyss:3  | Noticed an eye of devastation
  3863 | Abyss:3  | Noticed a thrashing horror
  3869 | Abyss:3  | Noticed a thrashing horror
  3869 | Abyss:3  | Noticed a spatial maelstrom
  3871 | Abyss:3  | Received a gift from Nemelex Xobeh
  3948 | Abyss:3  | Found a corrupted altar of Lugonu.
  3982 | Abyss:3  | Noticed a lich
  4000 | Abyss:3  | Noticed a sun demon
  4017 | Abyss:3  | Noticed a starcursed mass
  4020 | Abyss:3  | Noticed a smoke demon
  4045 | Abyss:3  | Noticed a wretched star
  4054 | Abyss:3  | Noticed a sixfirhy
  4054 | Abyss:3  | Noticed a thrashing horror
  4055 | Abyss:3  | Noticed a thrashing horror
  4118 | Abyss:3  | Noticed a thrashing horror
  4123 | Abyss:3  | Killed a thrashing horror
  4123 | Abyss:3  | Reached skill level 4 in Dodging
  4123 | Abyss:3  | Reached skill level 3 in Evocations
  4125 | Abyss:3  | Reached skill level 7 in Unarmed Combat
  4150 | Abyss:3  | Noticed a raiju
  4153 | Abyss:3  | Noticed a sixfirhy
  4159 | Abyss:3  | Noticed a raiju
  4163 | Abyss:3  | HP: 15/62 [sixfirhy (9)]
  4163 | Abyss:3  | Killed a sixfirhy
  4163 | Abyss:3  | Reached skill level 4 in Fighting
  4163 | Abyss:3  | Reached XP level 9. HP: 16/67 MP: 9/9
  4180 | Abyss:3  | Killed a raiju
  4185 | Abyss:3  | Noticed a raiju
  4187 | Abyss:3  | Noticed a raiju
  4189 | Abyss:3  | Noticed a demonic crawler
  4193 | Abyss:3  | HP: 17/75 [raiju/living lightning (13)]
  4194 | Abyss:3  | Noticed an apocalypse crab
  4194 | Abyss:3  | Killed from afar by a raiju

Vault maps used:
D:1:      minmay_arrival_solitary_statue, nemelex_xobeh_ov_fountains_minmay
D:2:      lemuel_crystal_altar, first_bread, minmay_distorted
D:3:      uniq_iyjb
D:4:      grunt_dithmenos_shadows, lemuel_zombie_altar_kikubaaqudgha,
          minmay_temple_entry_junction, nicolae_qazlal_eye_of_the_storm
D:6:      corexii_shantytown, slow_altar_2, dk_rats_in_the_wall, uniq_pikel
Abyss:3:  evilmike_abyss_exit_vortex, minivault_11, hangedman_abyss_shoalhut,
          evilmike_abyss_rune_siren, evilmike_abyss_exit_kraken

Action                   |  1- 3 |  4- 6 |  7- 9 || total
-------------------------+-------+-------+-------++-------
Melee: Unarmed           |    84 |   136 |   192 ||   412
Throw: Tomahawk          |       |     7 |     1 ||     8
Evoke: Deck              |       |     4 |    14 ||    18
       Wand              |       |       |     8 ||     8
       Lamp of fire      |       |       |     1 ||     1
  Use: Scroll            |     4 |     3 |     4 ||    11
       Potion            |       |       |     6 ||     6
 Stab: Sleeping          |     3 |     5 |     8 ||    16
  Eat: Chunk             |    10 |    13 |    13 ||    36
       Beef jerky        |       |       |     1 ||     1

Vault maps used:
D:1:      minmay_arrival_solitary_statue, nemelex_xobeh_ov_fountains_minmay
D:2:      lemuel_crystal_altar, first_bread, minmay_distorted
D:3:      uniq_iyjb
D:4:      grunt_dithmenos_shadows, lemuel_zombie_altar_kikubaaqudgha,
          minmay_temple_entry_junction, nicolae_qazlal_eye_of_the_storm
D:6:      corexii_shantytown, slow_altar_2, dk_rats_in_the_wall, uniq_pikel
Abyss:3:  evilmike_abyss_exit_vortex, minivault_11, hangedman_abyss_shoalhut,
          evilmike_abyss_rune_siren, evilmike_abyss_exit_kraken

Table legend:
 A = Turns spent in this place as a percentage of turns spent in the entire game.
 B = Non-inter-level travel turns spent in this place as a percentage of non-inter-level travel turns spent in the entire game.
 C = Inter-level travel turns spent in this place as a percentage of turns spent in this place.
 D = Turns resting spent in this place as a percentage of non-inter-level travel turns spent in this place.
 E = Turns spent auto-exploring this place as a percentage of non-inter-level travel turns spent in this place.
 F = Non-inter-level travel turns spent in this place divided by the number of levels of this place that you've seen.
                   A       B       C       D       E      F
               +-------+-------+-------+-------+-------+----------------------
         Total | 100.0 | 100.0 |   0.2 |   0.6 |   2.8 | 243.0
       Dungeon |  76.4 |  76.3 |   0.2 |   0.0 |   3.7 | 265.0
         Abyss |  23.6 |  23.7 |   0.0 |   2.4 |   0.0 | 191.7
               +-------+-------+-------+-------+-------+----------------------

Table legend:
 A = Kills in this place as a percentage of kills in entire the game.
 B = Kills by you in this place as a percentage of kills by you in the entire game.
 C = Kills by friends in this place as a percentage of kills by friends in the entire game.
 D = Other kills in this place as a percentage of other kills in the entire game.
 E = Experience gained in this place as a percentage of experience gained in the entire game.
 F = Experience gained in this place divided by the number of levels of this place that you have seen.
                   A       B       C       D       E      F
               +-------+-------+-------+-------+-------+----------------------
         Total | 100.0 | 100.0 | 100.0 |  -nan | 100.0 | 294.5
       Dungeon |  94.8 |  97.7 |   0.0 |  -nan |  54.9 | 230.9
         Abyss |   5.2 |   2.3 | 100.0 |  -nan |  45.1 | 443.0
               +-------+-------+-------+-------+-------+----------------------
